 Dungeon Crawl Stone Soup version 0.28.0-43-g3370ac3207 (webtiles) character file.

Game seed: 15483742515811901797

144 pkoi the Insei (level 4, -1/36 HPs)
             Began as a Demigod Warper on Mar 24, 2022.
             Slain by a wyvern skeleton (3 damage)
             ... on level 3 of the Dungeon.
             The game lasted 00:04:53 (3478 turns).

pkoi the Insei (Demigod Warper)                     Turns: 3478, Time: 00:04:53

Health: -1/36      AC:  7    Str: 20    XL:     4   Next: 76%
Magic:  7/9        EV: 12    Int: 19    God:
Gold:   1345       SH:  0    Dex: 17    Spells: 3/6 levels left

rFire   + . .      SeeInvis .     - Unarmed
rCold   . . .      Faith    .   (no shield)
rNeg    . . .      Spirit   .   a - +0 leather armour
rPois   .          Reflect  .   (no helmet)
rElec   .          Harm     .   d - +2 cloak "Fayx" {Str+3 Dex+4}
rCorr   +          Rampage  .   (no gloves)
Will    .....                   f - +0 pair of boots of Masochism {rF+ rCorr Str+5}
Stlth   +.........              (no amulet)
HPRegen 0.12/turn               (no ring)
MPRegen 0.11/turn               (no ring)

@: about to teleport, on blink cooldown
A: high MP 1, forlorn, divine attributes
a: no special abilities


You were on level 3 of the Dungeon.
You visited 1 branch of the dungeon, and saw 3 of its levels.

You collected 1345 gold pieces.

Inventory:

Hand Weapons
 e - a +0 dagger
 i - a +0 spear
 m - a +3 dagger of holy wrath
Missiles
 c - 5 boomerangs of dispersal (quivered)
Armour
 a - a +0 leather armour (worn)
 d - the +2 cloak "Fayx" (worn) {Str+3 Dex+4}
   (You acquired it on level 1 of the Dungeon)

   Str:       It affects your strength (+3).
   Dex:       It affects your dexterity (+4).
 f - the +0 pair of boots of Masochism (worn) {rF+ rCorr Str+5}
   (You acquired it on level 1 of the Dungeon)

   Str:       It affects your strength (+5).
   rF:        It protects you from fire.
   rCorr:     It protects you from acid and corrosion.
Jewellery
 n - an amulet of regeneration
Scrolls
 b - a scroll of blinking
Potions
 h - a potion of attraction {unknown}
 j - 2 potions of ambrosia
 k - 4 potions of might {unknown}
 l - a potion of resistance {unknown}
 o - a potion of heal wounds {unknown}
 p - a potion of berserk rage {unknown}


   Skills:
 + Level 1.7 Fighting
 - Level 0.8 Throwing
 - Level 0.8 Armour
 - Level 1.7 Dodging
 * Level 4.8 Unarmed Combat
 - Level 1.7 Spellcasting
 - Level 2.6 Translocations


You had 3 spell levels left.
You knew the following spells:

 Your Spells              Type           Power      Damage    Failure   Level
a - Apportation           Tloc           22%        N/A       7%          1
b - Blink                 Tloc           22%        N/A       11%         2

Your spell library contained the following spells:

 Spells                   Type           Power      Damage    Failure   Level
 Gell's Gravitas          Tloc           11%        N/A       21%         3
 Lesser Beckoning         Tloc           11%        N/A       21%         3
 Teleport Other           Tloc           11%        N/A       21%         3
 Manifold Assault         Tloc           11%        N/A       88%         5
 Alistair's Intoxication  Tmut/Pois      0%         N/A       99%         5


Dungeon Overview and Level Annotations

Branches:
Dungeon (3/15)


Innate Abilities, Weirdness & Mutations

You have an increased reservoir of magic. (+10% MP)
You shall have no god before yourself.
Your divine heritage dramatically boosts your attributes as you level up.


Message History

You hit the wyvern skeleton.
The wyvern skeleton is lightly damaged.
The wyvern skeleton bites you.
* * * LOW HITPOINT WARNING * * *
You are too injured to fight recklessly!
You hit the wyvern skeleton. You punch the wyvern skeleton!
The wyvern skeleton is moderately damaged.
The wyvern skeleton closely misses you.
You completely miss the wyvern skeleton.
The wyvern skeleton is moderately damaged.
The wyvern skeleton barely misses you.
You hit the wyvern skeleton. You punch the wyvern skeleton.
The wyvern skeleton is heavily damaged.
The wyvern skeleton closely misses you. x2
You hit the wyvern skeleton.
The wyvern skeleton is severely damaged.
The wyvern skeleton bites you!
* * * LOW HITPOINT WARNING * * *
You barely miss the wyvern skeleton.
The wyvern skeleton is severely damaged.
The wyvern skeleton misses you.
You punch the wyvern skeleton!
The wyvern skeleton is almost destroyed.
The wyvern skeleton bites you!
* * * LOW HITPOINT WARNING * * *
The wyvern skeleton bites you!
* * * LOW HITPOINT WARNING * * *
Casting: Blink (safe; 11% risk of failure)
Confirm with . or Enter, or press ? or * to list all spells.
Aiming: Apportation (safe; 7% risk of failure)
Press: ? - help, Dir - move target, f - you
Okay, then.
Unknown command.
Casting: Apportation (safe; 7% risk of failure)
Confirm with . or Enter, or press ? or * to list all spells.
You blink.
You aren't carrying any items that you can evoke.
As you read the scroll of teleportation, it crumbles to dust.
You feel strangely unstable. The wyvern skeleton bites you.
You die...

#........##'####.##.....
#.............##.##.....
#.............# #.....
#.............#
#.............#
#.............# ####
#.............# ....
#.............##+###....
#...ยง.Z@................
####.......................
#.........####..#..........
#.........# ##.#..........
#.......### #)#...)......
#.......# #.#..........
.........# #..##'###....
...........# ##.#.........
...........# #....###....


You could see a wyvern skeleton.

Vanquished Creatures
  An orc priest (D:2)
  An iguana (D:3)
  4 gnolls
  2 orcs (D:2)
  3 bats
  3 endoplasms
  2 giant cockroaches
  5 goblins
  5 hobgoblins
  6 jackals (D:1)
  4 kobolds
  2 quokkas
  4 ball pythons
  2 frilled lizards (D:1)
  5 rats
49 creatures vanquished.

Notes
Turn   | Place    | Note
-------+----------+-------------------------------------------
     0 | D:1      | pkoi the Demigod Warper began the quest for the Orb.
     0 | D:1      | Reached XP level 1. HP: 17/17 MP: 5/5
    25 | D:1      | Reached skill level 2 in Unarmed Combat
   220 | D:1      | Identified 3 scrolls of acquirement
   220 | D:1      | Acquired the +0 pair of boots of Masochism {rF+ rCorr
                  | Str+5}
   562 | D:1      | Acquired 1264 gold pieces
   564 | D:1      | Acquired the +2 cloak "Fayx" {Str+3 Dex+4}
   603 | D:1      | Reached XP level 2. HP: 24/24 MP: 7/7
  1078 | D:1      | Reached skill level 3 in Unarmed Combat
  1378 | D:2      | Reached XP level 3. HP: 21/29 MP: 8/8
  2481 | D:3      | Reached skill level 4 in Unarmed Combat
  2491 | D:3      | Learned a level 1 spell: Apportation
  2494 | D:3      | Learned a level 2 spell: Blink
  2852 | D:2      | Reached XP level 4. HP: 12/36 MP: 9/9
  3478 | D:3      | Slain by a wyvern skeleton

Illustrated notes

Levels and vault maps discovered:
D:1:      lightli_iron_boxes, layout_loops_ring
D:2:      layout_basic
D:3:      layout_basic, basic_ecumenical_altar

Skill      XL: |  1  2  3 |
---------------+----------+-----
Unarmed Combat | 2 3 4 |  4.8
Fighting       | |  1.7
Throwing       | |  0.8
Armour         | |  0.8
Dodging        | |  1.7
Spellcasting   | |  1.7
Translocations | |  2.6

Action                   |  1- 3 |  4- 6 || total
-------------------------+-------+-------++-------
Melee: Unarmed           |   150 |    45 ||   195
       Punch             |     4 |     3 ||     7
 Cast: Blink             |     1 |     1 ||     2
  Use: Scroll            |     5 |     1 ||     6
 Stab: Sleeping          |     2 |     2 ||     4
Armor: Leather armour    |    34 |    10 ||    44
Dodge: Dodged            |   103 |    25 ||   128
